 Dungeon Crawl Stone Soup version 0.31-a0-816-gd61d57ddb1 (webtiles) character file.

Game seed: 17499174332893351938

38968 eduardkhil the Brawler (level 13, -7/101 HPs)
             Began as a Troll Fighter on Sept 22, 2023.
             Was a High Priest of Qazlal.
             Mangled by a two-headed ogre
             ... wielding a +0 giant spiked club
              (16 damage)
             ... on level 13 of the Dungeon.
             The game lasted 00:51:56 (13871 turns).

eduardkhil the Brawler (Troll Fighter)             Turns: 13871, Time: 00:51:57

Health: -7/101     AC: 15    Str: 29    XL:     13   Next: 66%
Magic:  0/12       EV: 11    Int:  6    God:    Qazlal [*****.]
Gold:   275        SH: 17    Dex:  9    Spells: 12/12 levels left

rFire   . .          .
                       - Unarmed
rCold   . . .        b - +0 kite shield
rNeg    . . .        L - +0 steam dragon scales
rPois   +            (helmet restricted)
rElec   .            q - +0 cloak
rCorr   .            (gloves unavailable)
SInv    .            (boots unavailable)
Will    .....        j - amulet of guardian spirit
Stlth   +            p - ring of poison resistance
HPRegen 1.16/turn    E - +4 ring of protection
MPRegen 0.13/turn

%: repel missiles, guardian spirit
@: protected from physical damage, studying Armour
A: large, unfitting armour, claws 3, regeneration 1, shaggy fur 1, tough skin 1,
frail 2
a: Renounce Religion, Upheaval, Elemental Force, Disaster Area


You were on level 13 of the Dungeon.
You worshipped Qazlal.
Qazlal was extremely pleased with you.
You visited 2 branches of the dungeon, and saw 15 of its levels.
You also visited: Sewer and Bailey.

You collected 1782 gold pieces.
You spent 1507 gold pieces at shops.

Inventory:

Hand Weapons
 F - the +3 falchion of Wynlif {heavy, rF+ rN+ Str+2 SInv}
   (You found it on level 6 of the Dungeon)

   Str+2:     It affects your strength (+2).
   rF+:       It protects you from fire.
   rN+:       It protects you from negative energy.
   SInv:      It lets you see invisible.
 K - a +6 spectral triple sword
Missiles
 y - 4 large rocks
Armour
 b - a +0 kite shield (worn)
 q - a +0 cloak (worn)
 x - a +2 robe of willpower
 L - +0 steam dragon scales (worn)
 M - an orb of mayhem
Jewellery
 h - an amulet of faith
 j - an amulet of guardian spirit (around neck)
 p - a ring of poison resistance (left claw)
 E - a +4 ring of protection (right claw)
 G - a ring of protection from cold
Wands
 k - a wand of flame (40)
 t - a wand of digging (8)
 w - a wand of roots (6)
 I - a wand of polymorph (6)
 J - a wand of mindburst (13)
Scrolls
 c - 4 scrolls of blinking
 d - 2 scrolls of poison
 e - a scroll of fear {unknown}
 f - a scroll of noise
 g - a scroll of fog
 v - 4 scrolls of teleportation
 B - a scroll of revelation
Potions
 a - 3 potions of resistance
 i - a potion of mutation
 m - 2 potions of brilliance
 n - 2 potions of haste
 o - 2 potions of berserk rage
 r - 3 potions of curing
 u - a potion of might
 z - a potion of invisibility {unknown}
 A - 3 potions of enlightenment {unknown}
 D - 2 potions of ambrosia


   Skills:
 * Level 7.7 Fighting
 * Level 1.1 Armour
 * Level 9.6 Dodging
 + Level 3.1 Stealth
 * Level 10.1 Shields
 * Level 15.4 Unarmed Combat


You had 12 spell levels left.
You didn't know any spells.
Your spell library contained the following spells:

 Spells                   Type           Power      Damage    Failure   Level
 Magic Dart               Conj           0%         1d3       61%         1
 Sting                    Tmut/Pois      0%         1d3       61%         1
 Summon Small Mammal      Summ           0%         N/A       61%         1
 Poisonous Vapours        Pois/Air       0%         N/A       75%         2
 Searing Ray              Conj           0%         2d4       75%         2
 Sublimation of Blood     Necr           0%         N/A       75%         2
 Call Canine Familiar     Summ           0%         N/A       93%         3
 Inner Flame              Hex/Fire       0%         N/A       93%         3
 Ozocubu's Armour         Ice            0%         N/A       93%         3
 Summon Guardian Golem    Hex/Summ       0%         N/A       93%         3
 Teleport Other           Tloc           0%         N/A       93%         3
 Animate Armour           Summ/Erth      0%         N/A       100%        4
 Fulminant Prism          Conj/Hex       0%         3d5       100%        4
 Olgreb's Toxic Radiance  Pois           0%         N/A       100%        4
 Petrify                  Tmut/Erth      0%         N/A       100%        4
 Sticky Flame             Conj/Fire      0%         2d3       100%        4
 Summon Lightning Spire   Summ/Air       0%         N/A       100%        4
 Vhi's Electric Charge    Tloc/Air       0%         N/A       100%        4
 Arcjolt                  Conj/Air       0%         1d10      100%        5
 Fireball                 Conj/Fire      0%         3d3       100%        5
 Irradiate                Conj/Tmut      0%         3d11      100%        5
 Lee's Rapid Deconstruct  Erth           0%         3d4*      100%        5
 Summon Forest            Summ/Tloc      0%         N/A       100%        5
 Yara's Violent Unravell  Hex/Tmut       0%         3d3       100%        5
 Eringya's Noxious Bog    Tmut/Pois      0%         4d6       100%        6
 Enfeeble                 Hex            0%         N/A       100%        7
 Haunt                    Necr/Summ      0%         N/A       100%        7
 Orb of Destruction       Conj           0%         9d5       100%        7
 Ozocubu's Refrigeration  Ice            0%         4d7       100%        7
 Spellforged Servitor     Conj/Summ      0%         N/A       100%        7
 Summon Hydra             Summ           0%         N/A       100%        7
 Borgnjor's Revivificati  Necr           0%         N/A       100%        8
 Maxwell's Capacitive Co  Air            0%         ∞         100%        8
 Death's Door             Necr           0%         N/A       100%        9


Dungeon Overview and Level Annotations

Branches:
Dungeon (13/15)            Temple (0/1) D:4            Lair (0/5) D:10
    Orc (2/2) D:9             Elf (0/3) Orc:2         Sewer (visited)
 Bailey (visited)
 Vaults: D:13-14

Altars:
Ashenzari
Dithmenos
Elyvilon
Fedhas
Gozag
Hepliaklqana
Nemelex Xobeh
Okawaru
Qazlal
Sif Muna
Vehumet
Wu Jian
Xom
Yredelemnul
Zin

Shops:
D:4 *[*!?   D:6 :   D:12 :

Annotations:
D:9 3 runed translucent doors, dondy's ghost, journeyman GnSh


Innate Abilities, Weirdness & Mutations

You are too large for most types of armour.
You have claws for hands.
Your natural rate of healing is unusually fast.
You are covered in fur. (AC +1)
You have tough skin. (AC +1)
You are very frail. (-20% HP)


Message History

Two slime creatures merge to form a large slime creature.
You mangle the large slime creature!!
The large slime creature is heavily wounded.
The tengu warrior hits you from afar with a +2 vampiric halberd!
You feel protected from physical attacks.
You claw the large slime creature!
The large slime creature is severely wounded.
You block the tengu warrior's attack. The large slime creature hits you!!
You feel more protected from physical attacks.
Two slime creatures merge to form a large slime creature.
You mangle the large slime creature!!
The large slime creature is almost dead.
The tengu warrior hits you from afar with a +2 vampiric halberd!
You feel more protected from physical attacks.
The large slime creature hits you.
You barely miss the large slime creature.
The large slime creature is almost dead.
A large slime creature splits.
A slime creature comes into view.
You block the tengu warrior's attack.
You claw the large slime creature!
The large slime creature is almost dead.
You block the large slime creature's attack.
A slime creature merges with something you can't see.
You mangle the large slime creature!!
You kill the large slime creature!
Qazlal accepts your kill.
The tengu warrior hits you from afar with a +2 vampiric halberd.
A slime creature merges with something you can't see.
You barely miss the two-headed ogre. The tengu warrior misses you.
The two-headed ogre hits you with a +0 giant spiked club!!
* * * LOW HITPOINT WARNING * * *
You block the two-headed ogre's attack.
You barely miss the two-headed ogre.
The tengu warrior hits you from afar with a +2 vampiric halberd!!
* * * LOW HITPOINT WARNING * * *
You scratch the two-headed ogre but do no damage.
You block the tengu warrior's attack.
The two-headed ogre hits you with a +0 giant spiked club!
You die...

##### .....# ......#
....... ###########
....... #.........#
....... #.........#
......J####.........###
......QO@..>...........
......#####.........##
..... #..........# ##
.... #..........###.
J.. #..........†.#. .J
############... .
#..(..[ #.....< ######.


You could see a slime creature, a tengu warrior and a two-headed ogre.

Vanquished Creatures
  The ghost of Kelnin the Basher, a journeyman MiHu of Wu Jian (Orc:1)
  2 boulder beetles (D:12)
  2 two-headed ogres
  2 orc high priests (Orc:2)
  Pikel (D:4)
  5 orc knights
  A deep elf pyromancer (D:13)
  3 orc sorcerers
  A cyclops (D:11)
  A manticore (D:11)
  2 ugly things
  A centaur zombie (D:11)
  2 gargoyles
  2 kobold demonologists
  Jeremiah (D:8)
  2 unseen horrors (D:11)
  A komodo dragon (D:10)
  4 trolls
  Grinder (D:4)
  14 slime creatures
  2 meliai zombies (D:11)
  4 shadows
  22 yaks
  4 vampires
  2 wraiths (D:13)
  A wyvern (D:8)
  Eustachio (D:6)
  Grum (D:11)
  3 basilisks
  2 vampire mosquitoes (D:12)
  3 steam dragons (D:8)
  2 water moccasins
  A warg (Orc:2)
  Duvessa (D:5)
  An acid dragon (D:12)
  A sky beast (D:6)
  28 orc warriors
  2 black bears
  A hornet zombie (D:6)
  7 ogres
  10 centaurs
  6 wolves
  A lemure (D:3)
  A phantom (D:5)
  Blork the orc (D:5)
  4 bullfrogs
  3 scorpions
  8 wights
  Dowan (D:5)
  8 killer bees
  9 howler monkeys
  3 electric eels (D:10)
  2 jellies
  12 hounds
  16 orc priests
  2 gnoll boudas
  24 orc wizards
  5 sleepcaps
  Natasha (thrice) (D:2)
  3 iguanas
  A killer bee zombie (D:6)
  11 gnolls
  14 adders
  A shadow imp (D:5)
  A white imp (D:6)
  4 dart slugs
  65 orcs
  4 bats
  14 endoplasms
  8 giant cockroaches
  12 goblins
  6 hobgoblins
  2 jackals (D:1)
  7 kobolds
  7 quokkas
  16 ball pythons
  8 frilled lizards (Sewer)
  8 rats
449 creatures vanquished.

Vanquished Creatures (others)
  A troll (D:12)
  A bullfrog (D:7)
  An orc priest (Orc:2)
3 creatures vanquished.

Grand Total: 452 creatures vanquished

Notes
Turn   | Place    | Note
-------+----------+-------------------------------------------
     0 | D:1      | eduardkhil the Troll Fighter began the quest for the Orb.
     0 | D:1      | Reached XP level 1. HP: 22/22 MP: 0/0
    68 | D:1      | Reached XP level 2. HP: 29/29 MP: 1/1
   190 | D:1      | Reached XP level 3. HP: 36/36 MP: 2/2
   912 | D:2      | Noticed Natasha
   916 | D:2      | Killed Natasha
   917 | D:2      | Reached XP level 4. HP: 44/44 MP: 3/3
  1103 | D:2      | Noticed Natasha
  1109 | D:2      | Killed Natasha
  1110 | D:2      | Reached skill level 3 in Unarmed Combat
  2159 | D:2      | Noticed Natasha
  2169 | D:2      | Killed Natasha
  2170 | D:2      | Reached XP level 5. HP: 49/52 MP: 4/4
  2264 | D:3      | Found a glowing drain.
  2279 | Sewer    | Entered a sewer
  2505 | Sewer    | Reached skill level 4 in Unarmed Combat
  2516 | Sewer    | Reached XP level 6. HP: 34/59 MP: 5/5
  2525 | Sewer    | Reached skill level 1 in Stealth
  2567 | Sewer    | Got a fusty book
  2705 | D:3      | Found a broken altar of Ashenzari.
  3238 | D:4      | Found Urulu's Distillery.
  3265 | D:4      | Bought a potion of berserk rage for 55 gold pieces
  3265 | D:4      | Bought a potion of curing for 33 gold pieces
  3265 | D:4      | Bought a potion of heal wounds for 55 gold pieces
  3275 | D:4      | Found a staircase to the Ecumenical Temple.
  3290 | D:4      | Noticed Grinder
  3294 | D:4      | Paralysed by Grinder for 5 turns
  3309 | D:4      | Killed Grinder
  3310 | D:4      | Reached skill level 5 in Unarmed Combat
  3310 | D:4      | Reached XP level 7. HP: 59/67 MP: 3/6
  3366 | D:4      | Found Dalisku's Magic Scroll Boutique.
  3374 | D:4      | Bought a scroll of identify for 26 gold pieces
  3374 | D:4      | Bought a scroll of identify for 26 gold pieces
  3401 | D:4      | Identified the +6 scale mail of Blue Skies {rElec}
  3502 | D:4      | Found an iron altar of Okawaru.
  3664 | D:4      | Noticed Pikel
  3679 | D:4      | Killed Pikel
  3680 | D:4      | Reached skill level 6 in Unarmed Combat
  3680 | D:4      | Reached XP level 8. HP: 20/75 MP: 1/7
  3772 | D:4      | Found Jelitoom's Assorted Antiques.
  3779 | D:4      | Bought a scroll labelled KETIEN XOHIMEUT for 32 gold pieces
  3800 | D:4      | Found a hazy altar of Hepliaklqana.
  3847 | D:4      | Found Yklugos's Armour Shop.
  3857 | D:4      | Found Pedievi's General Store.
  3958 | D:4      | Found a glowing silver altar of Zin.
  4022 | D:5      | Entered Level 5 of the Dungeon
  4044 | D:5      | Reached skill level 7 in Unarmed Combat
  4208 | D:5      | Reached skill level 5 in Dodging
  4264 | D:5      | Noticed Duvessa
  4264 | D:5      | Noticed Dowan
  4274 | D:5      | Killed Duvessa
  4275 | D:5      | Killed Dowan
  4361 | D:5      | Reached XP level 9. HP: 84/84 MP: 8/8
  4465 | D:5      | Reached skill level 8 in Unarmed Combat
  4499 | D:5      | Noticed Blork the orc
  4507 | D:5      | Killed Blork the orc
  4907 | D:6      | Found Xoisk's Vocational Training.
  4917 | D:6      | Reached skill level 5 in Shields
  4949 | D:6      | Reached skill level 9 in Unarmed Combat
  5184 | D:6      | Noticed Eustachio
  5199 | D:6      | Killed Eustachio
  5205 | D:6      | Reached XP level 10. HP: 94/94 MP: 9/9
  5209 | D:6      | Found a basalt altar of Yredelemnul.
  5269 | D:6      | Reached skill level 10 in Unarmed Combat
  5299 | D:6      | Identified the +3 falchion of Wynlif {heavy, rF+ rN+ Str+2
                  | SInv}
  5639 | D:7      | Found a shimmering blue altar of Sif Muna.
  5767 | D:7      | Found a sparkling altar of Nemelex Xobeh.
  5843 | D:7      | Found a shimmering altar of Xom.
  5909 | D:7      | Found a stormy altar of Qazlal.
  5909 | D:7      | Found a shadowy altar of Dithmenos.
  5913 | D:7      | Became a worshipper of Qazlal Stormbringer
  6115 | D:8      | Noticed a gargoyle
  6130 | D:8      | Killed a gargoyle
  6220 | D:8      | Found a flagged portal.
  6252 | Bailey   | Entered a bailey
  6522 | Bailey   | Reached * piety under Qazlal
  6535 | Bailey   | Reached skill level 5 in Fighting
  6535 | Bailey   | Reached skill level 11 in Unarmed Combat
  6568 | Bailey   | Noticed an orc knight
  6605 | Bailey   | Killed an orc knight
  6644 | Bailey   | Reached skill level 12 in Unarmed Combat
  6644 | Bailey   | Reached XP level 11. HP: 105/105 MP: 10/10
  6739 | D:8      | Found a radiant altar of Vehumet.
  6748 | D:8      | Found an ornate altar of the Wu Jian Council.
  6784 | D:8      | Identified the staff of Prudence {Fly rElec Str-3 Int+4
                  | Air}
  6864 | D:8      | Noticed Jeremiah
  7232 | D:8      | Killed Jeremiah
  7386 | D:9      | Found a runed translucent gate.
  7388 | D:9      | Found a runed translucent gate.
  7388 | D:9      | Noticed dondy's ghost (journeyman GnSh)
  7396 | D:9      | Found a runed translucent gate.
  7460 | D:9      | Found a staircase to the Orcish Mines.
  7502 | D:9      | Found a white marble altar of Elyvilon.
  7710 | D:9      | Found an opulent altar of Gozag.
  7872 | D:9      | Found a blossoming altar of Fedhas.
  7897 | D:9      | Reached XP level 12. HP: 108/115 MP: 9/11
  7962 | D:9      | Reached ** piety under Qazlal
  8301 | Orc:1    | Entered Level 1 of the Orcish Mines
  8902 | Orc:1    | Found a large runed translucent door.
  8902 | Orc:1    | Found a large runed translucent door.
  8909 | Orc:1    | Noticed a two-headed ogre
  8941 | Orc:1    | Killed a two-headed ogre
  8942 | Orc:1    | Reached skill level 13 in Unarmed Combat
  9021 | Orc:1    | Noticed Kelnin's ghost (journeyman MiHu)
  9066 | Orc:1    | Killed Kelnin's ghost
  9227 | Orc:2    | Entered Level 2 of the Orcish Mines
  9259 | Orc:2    | Reached *** piety under Qazlal
  9565 | Orc:2    | Noticed an orc high priest
  9565 | Orc:2    | Noticed an orc high priest
  9566 | Orc:2    | Noticed an orc high priest
  9708 | Orc:2    | Killed an orc high priest
  9981 | Orc:2    | Gained mutation: You are frail. (-10% HP) [a neqoxec]
 10217 | Orc:2    | Found a staircase to the Elven Halls.
 10242 | Orc:2    | Killed an orc high priest
 10494 | Orc:2    | Reached skill level 14 in Unarmed Combat
 10537 | Orc:2    | Gained mutation: You are very frail. (-20% HP) [a neqoxec]
 10578 | D:10     | Entered Level 10 of the Dungeon
 10646 | D:10     | Reached **** piety under Qazlal
 10729 | D:10     | Found a staircase to the Lair.
 11017 | D:10     | You fall into a shaft and drop 2 floors!
 11051 | D:12     | Reached XP level 13. HP: 33/99 MP: 3/12
 11231 | D:12     | HP: 2/99 [slime creature (10)]
 11330 | D:12     | Found Jiggy's Book Emporium.
 11508 | D:11     | Noticed Grum
 11519 | D:11     | Killed Grum
 11783 | D:11     | Reached ***** piety under Qazlal
 12769 | D:11     | Reached skill level 15 in Unarmed Combat
 13060 | D:11     | Identified the +4 robe of Peek-a-Boo {rC+}
 13237 | D:12     | Reached skill level 10 in Shields
 13550 | D:12     | Bought a manual of Armour for 1280 gold pieces
 13856 | D:13     | Reached skill level 1 in Armour
 13871 | D:13     | Mangled by a two-headed ogre

Illustrated notes

Levels and vault maps discovered:
D:1:      minmay_arrival_open_corners, layout_rooms, minmay_tromino_mix6
D:2:      layout_loops_corners, amcnicky_mini_rare_corridor_liquid,
          palyth_stone_intersect, kennysheep_cross_room,
          nicolae_kite_square_tiling_tiny, kennysheep_generic_room_13,
          uniq_natasha
D:3:      layout_loops_ring, mainiacjoe_overflow_cross_hatched,
          cheibrodos_sewer_entry_sluice
D:4:      layout_rooms, nicolae_overflow_hidden_temple,
          nzn_hepliaklqana_mist_gate, lemuel_doored_altar,
          minmay_temple_entry_waves, serial_shops, shop_statue, shop,
          nicolae_shop_rolling_square, nicolae_shop_tiny_waterfront, shop,
          uniq_pikel, uniq_grinder
D:5:      layout_loops_corners, kennysheep_generic_room_9, uniq_duvessa,
          uniq_blork_the_orc
D:6:      layout_rooms, lemuel_zombie_altar_yredelemnul, minivault_5,
          nicolae_shop_vocational, uniq_eustachio
D:7:      layout_rooms, amcnicky_altar_gilded, xom_confusion_cloud,
          nemelex_diamond_rough_becter, gammafunk_temple_overflow_wave
D:8:      layout_gridville, mainiacjoe_overflow_swirl, enter_bailey_3,
          uniq_jeremiah
D:9:      cheibrodos_two_vegetables, layout_basic, kennysheep_little_box,
          fedhas_altar_3, lemuel_round_altar, gammafunk_ghost_split,
          kennysheep_generic_room_15
D:10:     layout_layer_cave, erik_lair_island
D:11:     layout_cave_pools, serial_undead, serial_undead_b, serial_undead_d,
          serial_undead_f, serial_undead_e, uniq_grum
D:12:     layout_loops_ring, serial_shops, nicolae_book_shop_shelving,
          lemuel_flamethrower_2
D:13:     layout_rooms, minmay_splitting_lines, drop_trap, uniq_josephine
Orc:1:    layout_caves, ebering_ghost_disaster_area
Orc:2:    st_orc_elflike, layout_diamond_mine

Skill      XL: |  1  2  3  4  5  6  7  8  9 10 11 12 13 |
---------------+----------------------------------------+-----
Shields        | 3 4 5 7 8 9 10 | 10.1
Dodging        | 3 4 5 7 8 9 |  9.6
Unarmed Combat | 3 4 5 6 7 9 12 14 15 | 15.4
Fighting       | 3 4 6 7 |  7.7
Stealth        | 1 2 3 |  3.1
Armour         | 1 |  1.1

Action                     |  1- 3 |  4- 6 |  7- 9 | 10-12 | 13-15 || total
---------------------------+-------+-------+-------+-------+-------++-------
  Melee: Unarmed           |    81 |   190 |   212 |   630 |   284 ||  1397
    Use: Scroll            |     2 |     2 |     8 |     5 |     6 ||    23
         Potion            |       |     1 |       |     5 |     1 ||     7
   Stab: Sleeping          |     1 |       |     1 |     3 |       ||     5
 Armour: Robe              |    42 |   114 |   155 |   412 |   207 ||   930
         Steam dragon scal |       |       |       |       |    21 ||    21
  Dodge: Dodged            |    23 |    68 |    75 |   207 |    90 ||   463
         Repelled          |       |       |       |     1 |     1 ||     2
  Block: Kite shield       |    25 |    70 |    87 |   379 |   221 ||   782

Table legend: (Time is in decaauts)
 A = Elapsed time spent in this place.
 B = Non-inter-level travel time spent in this place.
 C = Inter-level travel time spent in this place.
 D = Time resting spent in this place.
 E = Time spent auto-exploring this place.
 F = Levels seen in this place.
 G = Mean time per level.
                   A        B        C        D        E       F      G
               +--------+--------+--------+--------+--------+-----+--------+
         Total |  13756 |  11838 |   1918 |    838 |   6526 |  17 |  809.2 |
       Dungeon |  10826 |   9304 |   1522 |    473 |   5893 |  13 |  832.8 |
  Orcish Mines |   2186 |   1790 |    396 |    365 |    530 |   2 | 1093.0 |
         Sewer |    316 |    316 |      0 |      0 |    103 |   1 |  316.0 |
        Bailey |    426 |    426 |      0 |      0 |      0 |   1 |  426.0 |
               +--------+--------+--------+--------+--------+-----+--------+

Top non-repeatable levels by time:
     D:2: 1710 daAuts
    D:10: 1253 daAuts
   Orc:1: 1244 daAuts
     D:9: 1109 daAuts
    D:12: 1018 daAuts
   Orc:2: 942 daAuts
     D:5: 860 daAuts
     D:8: 831 daAuts
     D:3: 823 daAuts
     D:4: 716 daAuts
    D:11: 671 daAuts
     D:6: 668 daAuts
     D:7: 499 daAuts
     D:1: 477 daAuts
  Bailey: 426 daAuts
